 Dungeon Crawl Stone Soup version 0.21.1-1-g345015f (webtiles) character file.

62 letownia2 the Conjurer (level 4, -5/24 HPs)
             Began as a Tengu Wizard on Mar 5, 2018.
             Slain by a scorpion (6 damage)
             ... on level 4 of the Dungeon.
             The game lasted 00:04:26 (809 turns).

letownia2 the Conjurer (Tengu Wizard)                Turns: 809, Time: 00:04:27

Health: -5/24      AC:  3    Str:  8    XL:     4   Next: 8%
Magic:  0/9        EV: 12    Int: 19    God:
Gold:   100        SH:  0    Dex: 12    Spells: 0/9 levels left

rFire    . . .     SeeInvis .   j - +0 dagger (flame)
rCold    . . .     Gourm    .   (no shield)
rNeg     . . .     Faith    .   i - +0 leather armour
rPois    .         Spirit   .   b - +0 hat
rElec    .         Reflect  .   (no cloak)
rCorr    .         Harm     .   (no gloves)
MR       .....                  (boots unavailable)
Stlth    ++........             (no amulet)
HPRegen  0.08/turn              (no ring)
MPRegen  0.11/turn              (no ring)

@: lethally poisoned (-5 -> -11)
A: beak, talons 3
a: no special abilities


You were on level 4 of the Dungeon.
You were not hungry.

You visited 1 branch of the dungeon, and saw 4 of its levels.

You collected 100 gold pieces.

Inventory:

Hand Weapons
 j - a +0 dagger of flaming (weapon)
Armour
 a - a +0 robe
 b - a +0 hat (worn)
 h - a +0 ring mail
 i - a +0 leather armour (worn)
Scrolls
 f - 3 scrolls of teleportation {unknown}
 l - a scroll of remove curse {unknown}
 m - a scroll of enchant weapon {unknown}
Potions
 e - a potion of heal wounds {unknown}
 k - a potion of degeneration {unknown}
Books
 c - a book of Minor Magic

   Spells                             Type                      Level
   a - Magic Dart                     Conjuration                  1
   b - Blink                          Translocation                2
   c - Call Imp                       Summoning                    2
   d - Slow                           Hexes                        2
   e - Conjure Flame                  Conjuration/Fire             3
   f - Mephitic Cloud                 Conjuration/Poison/Air       3
Comestibles
 d - 3 rations


   Skills:
 - Level 2.1 Dodging
 - Level 2.0 Stealth
 - Level 3.0 Spellcasting
 + Level 4.5 Conjurations
 - Level 1.2 Summonings
   Level 0.7 Translocations
 - Level 2.0 Air Magic


You couldn't memorise any spells.
You knew the following spells:

 Your Spells              Type           Power        Failure   Level  Hunger
a - Magic Dart            Conj           ###.         3%          1    None
c - Conjure Flame         Conj/Fire      ##......     26%         3    ###....
e - Mephitic Cloud        Conj/Pois/Air  ##......     26%         3    ###....
i - Call Imp              Summ           #.......     21%         2    ##.....


Dungeon Overview and Level Annotations

Branches:
Dungeon (4/15)
 Temple: D:4-7

Altars:

Annotations:
D:2 Natasha
D:4 letownia2's ghost, weakling TeWz


Innate Abilities, Weirdness & Mutations

You have a beak for a mouth.
You have claws for feet.


Message History

* * * LOW HITPOINT WARNING * * *
You feel sick.
* * * LOW HITPOINT WARNING * * *
You feel sick.
* * * LOW HITPOINT WARNING * * *
You feel sick.
Casting: Magic Dart
Confirm with . or Enter, or press ? or * to list all spells.
Aiming: Magic Dart
Press: ? - help, Shift-Dir - straight line, f/p - scorpion
Aim: a scorpion (almost dead)
The magic dart hits the scorpion.
The scorpion is almost dead.
* * * LOW HITPOINT WARNING * * *
You feel sick. The scorpion completely misses you.
You hit the scorpion but do no damage. Your kick misses the scorpion.
Your peck misses the scorpion.
The scorpion is almost dead.
The scorpion stings you.
You die...

#. #.#
#.........# ..
#.# #....#....#
.( #.. #.#
#..#.#.#..# .#
..> #.#
#..#...#..# (#
.## #.#
#..#####..# .#
.# #.# #....#
#..# .# .# #.#
##.#.# #..# .#
.####.#
#.#.###s.####.#
.#....#
#.#(...@......#
.#.#..##
#.#############
.#.....# ..#
.#.....# ..#
.#####.# .#
..^....#
########


You could see a scorpion.

Vanquished Creatures
  3 adders
  2 worms
  5 bats
  2 giant cockroaches (D:2)
  5 hobgoblins
  A quokka (D:2)
  A ball python (D:2)
  2 frilled lizards
  2 goblins (D:2)
  4 kobolds
  4 rats
31 creatures vanquished.

Notes
Turn   | Place    | Note
-------+----------+-------------------------------------------
     0 | D:1      | letownia2 the Tengu Wizard began the quest for the Orb.
     0 | D:1      | Reached XP level 1. HP: 10/10 MP: 5/5
    32 | D:1      | Reached skill level 2 in Conjurations
   100 | D:1      | Reached XP level 2. HP: 12/15 MP: 0/7
   202 | D:2      | Reached skill level 3 in Conjurations
   281 | D:2      | Learned a level 2 spell: Call Imp
   331 | D:2      | Reached skill level 4 in Conjurations
   331 | D:2      | Reached XP level 3. HP: 19/19 MP: 1/8
   367 | D:2      | Noticed Natasha
   382 | D:2      | Learned a level 3 spell: Mephitic Cloud
   391 | D:3      | Reached skill level 1 in Air Magic
   457 | D:2      | Noticed an orc warrior
   639 | D:4      | Noticed letownia2's ghost (weakling TeWz)
   704 | D:4      | Reached XP level 4. HP: 20/24 MP: 3/9
   716 | D:4      | Learned a level 3 spell: Conjure Flame
   808 | D:4      | HP: 1/24 [poisoned by a scorpion]
   809 | D:4      | Slain by a scorpion

Skill      XL: |  1  2  3 |
---------------+----------+-----
Conjurations   | 2 4 |  4.5
Air Magic      | 2 |  2.0
Dodging        | |  2.1
Stealth        | |  2.0
Spellcasting   | |  3.0
Summonings     | |  1.2
Translocations | |  0.7

Action                   |  1- 3 |  4- 6 || total
-------------------------+-------+-------++-------
Melee: Unarmed           |     9 |       ||     9
       Peck              |     7 |       ||     7
       Kick              |     9 |     1 ||    10
       Dagger            |    35 |     2 ||    37
Throw: Javelin           |     5 |     2 ||     7
 Cast: Magic Dart        |    45 |    16 ||    61
       Mephitic Cloud    |     2 |       ||     2
Armor: Robe              |     6 |       ||     6
       Leather armour    |    15 |     1 ||    16
Dodge: Dodged            |    49 |     7 ||    56
